 Dungeon Crawl Stone Soup version 0.22.1-1-ga44c0e5 (webtiles) character file.

1119 Tr0llz0r the Shield-Bearer (level 8, -2/105 HPs)
             Began as a Hill Orc Fighter on Oct 23, 2018.
             Killed from afar by a scorpion (22 damage)
             ... with an exploding inner flame
             ... hexed by the player character
             ... on level 6 of the Dungeon.
             The game lasted 00:25:11 (4864 turns).

Tr0llz0r the Shield-Bearer (Hill Orc Fighter)       Turns: 4864, Time: 00:25:12

Health: -2/105     AC: 15    Str: 25    XL:     8   Next: 34%
Magic:  8/8        EV:  7    Int:  8    God:
Gold:   364        SH: 12    Dex: 11    Spells: 7/7 levels left

rFire    . . .     SeeInvis .   u - +1 flail (drain)
rCold    + . .     Gourm    .   c - +1 shield
rNeg     . . .     Faith    .   v - +0 chain mail {rC+}
rPois    .         Spirit   .   o - +0 helmet
rElec    .         Reflect  .   (no cloak)
rCorr    .         Harm     .   i - +0 pair of gloves
MR       .....                  s - +0 pair of boots {run}
Stlth    ..........             A - amulet of rage
HPRegen  0.27/turn              e - ring of attention (curse)
MPRegen  0.11/turn              (no ring)

@: berserking, lethally poisoned (-2 -> -4), very quick
A: hooves 1, molten scales 1, screaming 1
a: Evoke Berserk Rage


You were on level 6 of the Dungeon.
You were not hungry.

You visited 1 branch of the dungeon, and saw 6 of its levels.

You collected 364 gold pieces.

Inventory:

Hand Weapons
 a - a +0 long sword
 g - a cursed -2 spear
 j - a +0 hand axe
 n - a +0 mace
 p - a +0 trident
 u - a +1 flail of draining (weapon)
 y - a +0 blowgun
 B - a +0 falchion
 D - a +0 whip
 F - a +0 hunting sling
Missiles
 k - 132 stones
 x - 7 javelins
 G - 48 arrows
 I - 21 poisoned needles (quivered)
 O - 9 bolts
Armour
 b - a +0 scale mail
 c - a +1 shield (worn)
 i - a +0 pair of gloves (worn)
 o - a +0 helmet (worn)
 s - a +0 pair of boots of running (worn)
 v - a +0 chain mail of cold resistance (worn)
Jewellery
 e - a cursed ring of attention (left hand)
 w - an uncursed ring of protection from fire
 A - an amulet of rage (around neck)
 N - an uncursed ring of protection from cold
Wands
 q - a wand of polymorph (11)
 t - a wand of flame (10)
 K - a wand of iceblast (12)
 M - a wand of random effects (33)
Scrolls
 h - a scroll of amnesia
 l - 3 scrolls of teleportation
 m - 2 scrolls of identify
 C - 3 scrolls of magic mapping
 H - a scroll of enchant armour
Potions
 d - a potion of might
 r - 2 potions of curing
 E - a potion of heal wounds
 L - a potion of invisibility
Comestibles
 f - 6 rations


   Skills:
 + Level 5.9 Fighting
 + Level 3.7 Long Blades
 + Level 4.2 Maces & Flails
 + Level 5.4 Armour
 + Level 2.5 Dodging
 + Level 6.2 Shields


You had 7 spell levels left.
You didn't know any spells.
Your spell library contained the following spells:

 Spells                   Type           Power        Failure   Level  Hunger
 Animate Skeleton         Necr           N/A          100%        1    ##.....
 Pain                     Necr           #...         100%        1    ##.....
 Regeneration             Chrm/Necr      #.........   100%        3    ####...
 Vampiric Draining        Necr           #.........   100%        3    ####...
 Animate Dead             Necr           N/A          100%        4    #####..


Dungeon Overview and Level Annotations

Branches:
Dungeon (6/15)
 Temple: D:4-7

Altars:
Dithmenos
Fedhas
Kikubaaqudgha
Uskayaw


Innate Abilities, Weirdness & Mutations

You have large cloven feet.
You are partially covered in molten scales. (AC +2)
You occasionally shout uncontrollably at your foes.


Message History

The killer bee explodes!
The fiery explosion engulfs the crimson imp.
The crimson imp completely resists.
The fiery explosion engulfs you!
You feel your strength returning.
Your Dodging skill increases to level 2!
The fiery explosion engulfs the killer bee.
The killer bee explodes!
The fiery explosion engulfs the crimson imp.
The crimson imp completely resists.
The fiery explosion engulfs you!
The fiery explosion engulfs the killer bee.
The killer bee explodes!
The fiery explosion engulfs you!
The fiery explosion engulfs the killer bee.
The killer bee explodes!
The fiery explosion engulfs you!
* * * LOW HITPOINT WARNING * * *
You feel your intelligence returning.
The fiery explosion engulfs the crimson imp.
The crimson imp completely resists.
The fiery explosion engulfs you!
You die...

#.......####.#
#.####........
####.........#...
#.....###....# ..
#.###.# #....#.#.
#.##..# #........
#.##..###5§..#.##
###.##...§§§§§.#.#
#.......###@§§.# #
#.#........§§§....#
##.####...#.§.......
#<..............#...
##.####.............
######.####.............
....................##.#
##.###..####......... ..
#.# #..#


You could see a crimson imp (inner flame).

Vanquished Creatures
  Prince Ribbit (D:5)
  Edmund (D:5)
  A phantom (D:4)
  4 killer bees (D:6)
  A crimson imp (D:5)
  3 hounds
  Jessica (D:3)
  Terence (D:2)
  2 orc wizards (D:4)
  Natasha (thrice) (D:2)
  A worker ant (D:5)
  4 gnolls
  10 adders
  3 shadow imps (D:5)
  An ooze (D:1)
  A worm (D:2)
  A dart slug (D:1)
  3 leopard geckos
  3 orcs
  5 bats
  3 giant cockroaches
  9 goblins
  10 hobgoblins
  10 kobolds
  A quokka (D:2)
  A ball python (D:5)
  2 frilled lizards
  7 rats
93 creatures vanquished.

Vanquished Creatures (others)
  4 toadstools (D:1)
4 creatures vanquished.

Grand Total: 97 creatures vanquished

Notes
Turn   | Place    | Note
-------+----------+-------------------------------------------
     0 | D:1      | Tr0llz0r the Hill Orc Fighter began the quest for the Orb.
     0 | D:1      | Reached XP level 1. HP: 19/19 MP: 1/1
   197 | D:1      | Reached XP level 2. HP: 20/27 MP: 2/2
   490 | D:1      | Reached XP level 3. HP: 32/33 MP: 3/3
   888 | D:2      | Gained mutation: You are partially covered in molten
                  | scales. (AC +2) [potion of mutation]
   888 | D:2      | Gained mutation: You occasionally shout uncontrollably at
                  | your foes. [potion of mutation]
   888 | D:2      | Gained mutation: You have large cloven feet. [potion of
                  | mutation]
   907 | D:2      | Reached XP level 4. HP: 16/40 MP: 4/4
  1223 | D:2      | Noticed Natasha
  1230 | D:2      | Killed Natasha
  1232 | D:2      | Reached skill level 1 in Dodging
  1285 | D:2      | Identified a +0 pair of boots of running (You found it on
                  | level 2 of the Dungeon)
  1339 | D:2      | Found a hide-covered altar of Uskayaw.
  1378 | D:2      | Found a blossoming altar of Fedhas.
  1383 | D:2      | Found an ancient bone altar of Kikubaaqudgha.
  1395 | D:2      | Noticed Terence
  1404 | D:2      | Reached XP level 5. HP: 27/47 MP: 5/5
  1410 | D:2      | Killed Terence
  1410 | D:2      | Reached skill level 4 in Shields
  1757 | D:2      | Noticed Natasha
  1770 | D:2      | Killed Natasha
  2028 | D:2      | Noticed Natasha
  2036 | D:2      | Killed Natasha
  2133 | D:3      | Reached XP level 6. HP: 33/53 MP: 6/6
  2536 | D:3      | Noticed Jessica
  2547 | D:3      | Killed Jessica
  3069 | D:4      | Reached skill level 1 in Maces & Flails
  3448 | D:4      | Reached XP level 7. HP: 57/60 MP: 7/7
  3487 | D:4      | Reached skill level 5 in Shields
  3663 | D:4      | Reached skill level 5 in Armour
  3900 | D:5      | Entered Level 5 of the Dungeon
  4099 | D:5      | Reached skill level 5 in Fighting
  4159 | D:5      | Found a shadowy altar of Dithmenos.
  4225 | D:5      | Noticed Prince Ribbit
  4296 | D:5      | Killed Prince Ribbit
  4652 | D:5      | Noticed Edmund
  4722 | D:5      | Killed Edmund
  4722 | D:5      | Reached skill level 6 in Shields
  4722 | D:5      | Reached XP level 8. HP: 69/69 MP: 8/8
  4864 | D:6      | Killed from afar by a scorpion

Skill      XL: |  1  2  3  4  5  6  7  8 |
---------------+-------------------------+-----
Fighting       | 4 5 |  5.9
Armour         | 4 5 |  5.4
Dodging        | 1 2 |  2.5
Long Blades    | 3 |  3.7
Shields        | 4 6 |  6.2
Maces & Flails | 1 4 |  4.2

Action                   |  1- 3 |  4- 6 |  7- 9 || total
-------------------------+-------+-------+-------++-------
Melee: Long sword        |    78 |    41 |       ||   119
       Kick              |     5 |     2 |       ||     7
       Flail             |       |   175 |   135 ||   310
Throw: Stone             |       |     3 |       ||     3
  Use: Potion            |     3 |     1 |    13 ||    17
       Scroll            |       |     5 |     9 ||    14
  Eat: Ration            |       |     2 |     2 ||     4
       Chunk             |       |     1 |       ||     1
Armor: Scale mail        |    42 |    22 |       ||    64
       Chain mail        |       |   191 |    97 ||   288
       Skin              |       |       |     3 ||     3
Dodge: Dodged            |    35 |    85 |    38 ||   158
Block: Shield            |    54 |   177 |    98 ||   329
       Rpst.: Long sword |     7 |     4 |       ||    11
